 Dungeon Crawl Stone Soup version 0.31-a0-1522-g43313d8a59 (webtiles) character file.

Game seed: 11391664483215377105

223 AstroCodex24 the Trooper (level 5, -11/46 HPs)
             Began as a Demigod Fighter on Dec 31, 2023.
             Mangled by an ogre
             ... wielding a +0 giant spiked club
              (24 damage)
             ... on level 5 of the Dungeon.
             The game lasted 00:02:36 (708 turns).

AstroCodex24 the Trooper (Demigod Fighter)           Turns: 708, Time: 00:02:36

Health: -11/46     AC:  6    Str: 21    XL:     5   Next: 39%
Magic:  7/7        EV:  9    Int: 10    God:
Gold:   41         SH:  4    Dex: 13    Spells: 4/4 levels left

rFire   . . .        a - +0 war axe
rCold   . . .        c - +0 buckler
rNeg    . . .        b - +0 scale mail
rPois   .            (no helmet)
rElec   .            (no cloak)
rCorr   .            (no gloves)
SInv    .            (no boots)
Will    .....        (no amulet) Stlth
                     (no ring)
HPRegen 0.27/turn    (no ring)
MPRegen 0.10/turn

%: no passive effects
@: no status effects
A: high MP 1, forlorn, divine attributes
a: no special abilities


You were on level 5 of the Dungeon.
You visited 1 branch of the dungeon, and saw 5 of its levels.

You collected 41 gold pieces.

Inventory:

Hand Weapons
 a - a +0 war axe (weapon)
Armour
 b - a +0 scale mail (worn)
 c - a +0 buckler (worn)
Scrolls
 e - 2 scrolls of noise {unknown}
 g - a scroll of blinking {unknown}
 h - a scroll of identify {unknown}
Potions
 d - a potion of might
 f - 2 potions of curing {unknown}


   Skills:
 + Level 3.8 Fighting
 + Level 3.3 Axes
 + Level 3.5 Armour
 + Level 1.0 Dodging
 + Level 3.3 Shields


You had 4 spell levels left.
You didn't know any spells.
Your spell library was empty.

Dungeon Overview and Level Annotations

Branches:
Dungeon (5/15)
 Temple: D:4-7


Innate Abilities, Weirdness & Mutations

You have an increased reservoir of magic. (+10% MP)
You shall have no god before yourself.
Your divine heritage dramatically boosts your attributes as you level up.


Message History

You kill the scorpion!
Your Dodging skill increases to level 1!
Found a long sword.
An ogre comes into view. It is wielding a +0 giant spiked club.
The ogre shouts!
A howler monkey, a bombardier beetle and an ice beast come into view.
The howler monkey howls!
The ogre hits you with a +0 giant spiked club!!
Ouch! That really hurt!
You hit the ogre.
The ogre is lightly wounded.
You block the ogre's attack.
You slash the ogre!
The ogre is heavily wounded.
An iguana comes into view.
The ogre hits you with a +0 giant spiked club!
* * * LOW HITPOINT WARNING * * *
You barely miss the ogre.
The ogre is heavily wounded.
You slash the ice beast!
A water moccasin comes into view.
The ice beast closely misses you.
The howler monkey hoots and howls with incredible vigour!
The ogre closely misses you.
The ice beast hits you but does no damage.
The water moccasin moves out of view.
You hear a howl!
You hear a shout!
You hear a howl!
You hear an angry hiss.
The howler monkey hoots and howls with incredible vigour!
The water moccasin hisses angrily.
You hear a shout!
Something shouts, "Scamper hence, thou bootless hell-hated puttock!"
You hear a shout!
The ogre attacks as it pursues you! The ogre closely misses you.
The howler monkey hits you but does no damage.
A howler monkey comes into view.
The howler monkey howls!
An orc comes into view. It is wielding a +0 dagger.
The ogre attacks as it pursues you!
The ogre hits you with a +0 giant spiked club!!
Ouch! That really hurt!
You die...

#.#...# #.#B..#
###.#...# ##...#l..#
##....#S..##...
#......Y....... .#####
#...##.h.###... ......
#..###O#.# #. #.#
#..###@..# ###.#
#.....###.h.# # ...#
#...#.# .#o# .#..#
#.....# #. .# ...#
#..###..# #. #.## #..#
#. #.# #..###
#..###..#.#.#..###.....
#.....# #.# #....####
#...#.# .#. #.#..#


You could see a water moccasin, an ice beast, an ogre, 2 howler monkeys, a
bombardier beetle, an iguana and an orc.

Vanquished Creatures
  A phantom (D:5)
  2 scorpions
  3 adders
  An orc (D:5)
  A giant cockroach (D:2)
  2 hobgoblins
  A jackal (D:3)
  A kobold (D:3)
  A ball python (D:4)
  A bat (D:1)
14 creatures vanquished.

Notes
Turn   | Place    | Note
-------+----------+-------------------------------------------
     0 | D:1      | AstroCodex24 the Demigod Fighter began the quest for the
                  | Orb.
     0 | D:1      | Reached XP level 1. HP: 18/18 MP: 3/3
   217 | D:4      | Noticed a scorpion
   225 | D:4      | Killed a scorpion
   226 | D:4      | Reached XP level 2. HP: 8/26 MP: 4/4
   226 | D:4      | Reached XP level 3. HP: 9/31 MP: 5/5
   341 | D:5      | Entered Level 5 of the Dungeon
   478 | D:5      | Reached XP level 4. HP: 38/38 MP: 6/6
   482 | D:5      | Noticed a phantom
   518 | D:5      | Killed a phantom
   626 | D:5      | Reached XP level 5. HP: 43/46 MP: 7/7
   668 | D:5      | Reached skill level 1 in Dodging
   693 | D:5      | Noticed an ogre
   696 | D:5      | Noticed an ice beast
   699 | D:5      | Noticed a water moccasin
   708 | D:5      | Mangled by an ogre

Illustrated notes

Levels and vault maps discovered:
D:1:      ldierk_walled_garden_2, layout_basic
D:2:      layout_loops_ring, nicolae_elevator_lobby_asterisk
D:3:      layout_basic, uniq_pargi
D:4:      layout_cave_pools, minmay_temple_entry_statues_pillars
D:5:      layout_basic, makhleb_altar_promises_db, minmay_starry_boxes

Skill      XL: |  1  2  3  4  5 |
---------------+----------------+-----
Fighting       | 3 |  3.8
Axes           | 2 3 |  3.3
Armour         | 3 |  3.5
Shields        | 3 |  3.3
Dodging        | 1 |  1.0

Action                     |  1- 3 |  4- 6 || total
---------------------------+-------+-------++-------
  Melee: War axe           |    39 |    24 ||    63
 Armour: Scale mail        |    45 |    27 ||    72
  Dodge: Dodged            |    25 |    10 ||    35
  Block: Buckler           |    11 |     7 ||    18

Table legend: (Time is in decaauts)
 A = Elapsed time spent in this place.
 B = Non-inter-level travel time spent in this place.
 C = Inter-level travel time spent in this place.
 D = Time resting spent in this place.
 E = Time spent auto-exploring this place.
 F = Levels seen in this place.
 G = Mean time per level.
                   A        B        C        D        E       F      G
               +--------+--------+--------+--------+--------+-----+--------+
         Total |    733 |    733 |      0 |      0 |      0 |   5 |  146.6 |
       Dungeon |    733 |    733 |      0 |      0 |      0 |   5 |  146.6 |
               +--------+--------+--------+--------+--------+-----+--------+

Top non-repeatable levels by time:
     D:5: 377 daAuts
     D:4: 211 daAuts
     D:3: 69 daAuts
     D:1: 46 daAuts
     D:2: 27 daAuts
